 Dungeon Crawl Stone Soup version 0.28-b1-25-g9875b3fc8c (webtiles) character file.

Game seed: 682342427646757806

4103 crazypyro the Basher (level 10, -4/67 HPs)
             Began as a Demonspawn Gladiator on Feb 1, 2022.
             Was an Initiate of Gozag.
             Succumbed to a hornet's poison
             ... while paralysed by a hornet
             ... on level 8 of the Dungeon.
             The game lasted 00:10:52 (9768 turns).

crazypyro the Basher (Demonspawn Gladiator)         Turns: 9768, Time: 00:10:52

Health: -4/67      AC: 12    Str: 18    XL:     10   Next: 6%
Magic:  10/10      EV:  2    Int:  9    God:    Gozag
Gold:   889        SH:  0    Dex: 16    Spells: 9/9 levels left

rFire   . . .      SeeInvis .   a - +2 flail
rCold   . . .      Faith    .   (no shield)
rNeg    . . .      Spirit   .   e - +0 chain mail
rPois   .          Reflect  .   c - +0 helmet
rElec   .          Harm     .   (no cloak)
rCorr   .          Rampage  .   (no gloves)
Will    +....                   j - +0 pair of boots
Stlth   ..........              (no amulet)
HPRegen 0.21/turn               l - ring of willpower
MPRegen 0.12/turn               (no ring)

@: paralysed, lethally poisoned (-4 -> -28), slowed
A: repulsion field 2, ignite blood 2, spiny 1, demonic touch 2
a: Renounce Religion, Potion Petition, Call Merchant, Bribe Branch


You were on level 8 of the Dungeon.
You worshipped Gozag.
Gozag was pleased with you.
You visited 2 branches of the dungeon, and saw 10 of its levels.
You also visited: Ossuary.

You collected 1028 gold pieces.
You paid 139 gold pieces to Gozag.

Inventory:

Hand Weapons
 a - a +2 flail (weapon)
 B - a +0 morningstar of protection
Missiles
 d - 5 throwing nets (quivered)
Armour
 b - a +0 leather armour
 c - a +0 helmet (worn)
 e - a +0 chain mail (worn)
 j - a +0 pair of boots (worn)
Jewellery
 l - a ring of willpower (left hand)
 o - an amulet of magic regeneration
Wands
 g - a wand of acid (6)
 r - a wand of digging (3)
 u - a wand of polymorph (20)
Scrolls
 x - 2 scrolls of identify
 y - 2 scrolls of teleportation
Potions
 f - a potion of attraction {unknown}
 h - a potion of brilliance {unknown}
 i - 3 potions of heal wounds
 k - a potion of mutation {unknown}
 m - 3 potions of degeneration {unknown}
 n - 8 potions of curing
 p - 2 potions of ambrosia {unknown}
 q - 2 potions of haste {unknown}
 s - 3 potions of flight {unknown}
 t - a potion of might {unknown}
 v - a potion of lignification {unknown}
 w - a potion of berserk rage {unknown}
 A - a potion of magic {unknown}


   Skills:
 - Level 2.0 Fighting
 * Level 10.7 Maces & Flails
 - Level 1.7 Throwing
 - Level 5.8 Armour
 - Level 3.2 Dodging
 + Level 5.5 Unarmed Combat


You had 9 spell levels left.
You didn't know any spells.
Your spell library contained the following spells:

 Spells                   Type           Power      Damage    Failure   Level
 Magic Dart               Conj           0%         1d3       99%         1
 Pain                     Necr           0%         1d4       99%         1
 Summon Small Mammal      Summ           0%         N/A       99%         1
 Call Imp                 Summ           0%         N/A       100%        2
 Scorch                   Fire           0%         2d5       100%        2
 Call Canine Familiar     Summ           0%         N/A       100%        3
 Mephitic Cloud           Conj/Pois/Air  0%         N/A       100%        3
 Stone Arrow              Conj/Erth      0%         3d7       100%        3
 Summon Guardian Golem    Hex/Summ       0%         N/A       100%        3
 Animate Armour           Summ/Erth      0%         N/A       100%        4
 Flame Wave               Conj/Fire      0%         2d4       100%        4
 Agony                    Necr           0%         N/A       100%        5
 Excruciating Wounds      Necr           0%         N/A       100%        5
 Summon Forest            Summ/Tloc      0%         N/A       100%        5
 Summon Mana Viper        Hex/Summ       0%         N/A       100%        5
 Summon Cactus Giant      Summ           0%         N/A       100%        6
 Lehudib's Crystal Spear  Conj/Erth      0%         10d2      100%        8


Dungeon Overview and Level Annotations

Branches:
Dungeon (9/15)             Temple (1/1) D:5         Ossuary (visited)
   Lair: D:8-11         Orc: D:9-12

Altars:
Ashenzari
Cheibriados
Dithmenos
Elyvilon
Fedhas
Gozag
Hepliaklqana
Kikubaaqudgha
Nemelex Xobeh
Okawaru
Qazlal
Ru
Sif Muna
Trog
Wu Jian
Xom
Yredelemnul


Innate Abilities, Weirdness & Mutations

You are surrounded by a moderate repulsion field. (EV +3)
Your demonic aura often causes spilled blood to erupt in flames.
You are partially covered in sharp spines.
Your touch may inflict irresistible damage on your foes.


Message History

You miss the hornet.
You touch the hornet.
The hornet is moderately wounded.
You feel very sick. The hornet barely misses you.
The hornet closely misses you.
You barely miss the hornet. Your touch misses the hornet.
The hornet is moderately wounded.
You feel very sick.
The hornet stings you but does no damage.
The hornet is struck by your spines. The hornet barely misses you.
You hit the hornet but do no damage.
The hornet is severely wounded.
You feel very sick.
The hornet stings you but does no damage.
The hornet closely misses you.
You hit the hornet but do no damage.
You touch the hornet.
You punch the hornet, but do no damage.
The hornet is severely wounded.
You feel sick.
The hornet stings you but does no damage.
The hornet stings you.
* * * LOW HITPOINT WARNING * * *
You feel as though you will be slow longer.
You hit the hornet but do no damage.
You touch the hornet.
The hornet is almost dead.
You feel sick. The hornet stings you.
* * * LOW HITPOINT WARNING * * *
You feel as though you will be slow longer.
The hornet closely misses you.
Unknown command.
You barely miss the hornet.
The hornet is almost dead.
You feel sick. The hornet is struck by your spines. The hornet stings you.
* * * LOW HITPOINT WARNING * * *
You are lethally poisoned!
You suddenly lose the ability to move!
The hornet stings you.
* * * LOW HITPOINT WARNING * * *
You are more poisoned.
You feel as though you will be slow longer.
You die...
Your body crumbles into a pile of gold.

#####...# #...#
######+## #...#
#.......# #...# .
#.......# #...####..
#.......### #...#.....
#.......'.# #.........
#.......#.# #.#.#.####
#.....@.#.# #.#.#....#
#....y..#.####.#[#....#
#.......#.......[.....#
#......!#####>##[#....#
#.<.)...#........#....#
#.......#.###.####....#
#$......# ...##.#....#
#.......# ######.......
###.#.##


You could see a hornet.

Vanquished Creatures
  Pikel (D:5)
  Maggie (D:8)
  Prince Ribbit (D:5)
  A hornet (D:7)
  A wraith (D:6)
  Eustachio (D:6)
  3 yaks (D:6)
  A steam dragon (D:8)
  A water moccasin (D:4)
  3 orc warriors
  A sky beast (D:4)
  An ice beast (D:7)
  A necrophage (D:4)
  2 ogres (D:6)
  A centaur (D:6)
  A lemure (D:5)
  A kobold brigand (D:7)
  A wyvern zombie (D:5)
  2 scorpions
  2 wyvern skeletons
  A hound (D:6)
  3 jellies
  7 orc priests
  6 orc wizards
  An iguana (D:6)
  A scorpion zombie (D:5)
  Ijyb (D:4)
  8 mummies (Ossuary)
  A howler monkey zombie (D:4)
  3 gnolls (D:3)
  4 adders
  2 shadow imps (D:7)
  A white imp (D:5)
  An ufetubus (D:5)
  4 worms
  2 dart slugs
  22 orcs
  9 ball pythons
  8 endoplasms
  3 giant cockroaches
  A gnoll zombie (Ossuary)
  16 goblins
  8 hobgoblins
  3 jackals (D:1)
  12 kobolds
  3 quokkas
  A bat (D:1)
  A frilled lizard (D:1)
  2 hobgoblin zombies (Ossuary)
  2 kobold zombies (Ossuary)
  3 orc zombies (Ossuary)
  3 rats
170 creatures vanquished.

Notes
Turn   | Place    | Note
-------+----------+-------------------------------------------
     0 | D:1      | crazypyro the Demonspawn Gladiator began the quest for the
                  | Orb.
     0 | D:1      | Reached XP level 1. HP: 16/16 MP: 1/1
   126 | D:1      | Reached skill level 3 in Maces & Flails
   158 | D:1      | Gained mutation: You are surrounded by a mild repulsion
                  | field. (EV +2) [demonic ancestry]
   158 | D:1      | Reached XP level 2. HP: 18/22 MP: 2/2
   435 | D:1      | Gained mutation: You are partially covered in sharp spines.
                  | [demonic ancestry]
   435 | D:1      | Reached XP level 3. HP: 23/27 MP: 3/3
   940 | D:2      | Reached skill level 4 in Maces & Flails
   957 | D:2      | Found a faded altar of an unknown god.
   999 | D:2      | Found an ornate altar of the Wu Jian Council.
  1479 | D:2      | Gained mutation: Your touch may inflict minor irresistible
                  | damage on your foes. [demonic ancestry]
  1479 | D:2      | Reached XP level 4. HP: 28/33 MP: 4/4
  2546 | D:3      | Gained mutation: You are surrounded by a moderate repulsion
                  | field. (EV +3) [demonic ancestry]
  2546 | D:3      | Reached XP level 5. HP: 35/38 MP: 5/5
  2556 | D:3      | Reached skill level 5 in Maces & Flails
  2726 | D:3      | You fall into a shaft and drop 2 floors!
  2726 | D:5      | Entered Level 5 of the Dungeon
  2726 | D:5      | Found an ornate altar of the Wu Jian Council.
  2756 | D:4      | Noticed a necrophage
  2763 | D:4      | Killed a necrophage
  2764 | D:4      | Reached skill level 1 in Armour
  2780 | D:4      | Found a basalt altar of Yredelemnul.
  2840 | D:4      | Gained mutation: Your demonic aura sometimes causes spilled
                  | blood to erupt in flames. [demonic ancestry]
  2840 | D:4      | Reached XP level 6. HP: 35/44 MP: 6/6
  3041 | D:4      | Found a sand-covered staircase.
  3057 | Ossuary  | Entered an ossuary
  3232 | Ossuary  | Reached skill level 6 in Maces & Flails
  3730 | D:4      | Found an ancient bone altar of Kikubaaqudgha.
  3738 | D:4      | Noticed an orc warrior
  3747 | D:4      | Killed an orc warrior
  3748 | D:4      | Reached XP level 7. HP: 5/50 MP: 7/7
  3750 | D:4      | Noticed Ijyb
  3972 | D:4      | Killed Ijyb
  4488 | D:5      | Found a staircase to the Ecumenical Temple.
  4493 | Temple   | Entered the Ecumenical Temple
  4602 | Temple   | Became a worshipper of Gozag Ym Sagoz the Greedy
  4686 | D:4      | Reached skill level 7 in Maces & Flails
  4686 | D:4      | Reached skill level 1 in Unarmed Combat
  5091 | D:5      | Noticed Prince Ribbit
  5097 | D:5      | Killed Prince Ribbit
  5098 | D:5      | Gained mutation: Your demonic aura often causes spilled
                  | blood to erupt in flames. [demonic ancestry]
  5098 | D:5      | Reached XP level 8. HP: 45/56 MP: 8/8
  5878 | D:6      | Reached skill level 8 in Maces & Flails
  6060 | D:6      | Noticed Eustachio
  6067 | D:6      | Killed Eustachio
  6233 | D:6      | Noticed Pikel
  6550 | D:5      | Killed Pikel
  6551 | D:5      | Reached skill level 9 in Maces & Flails
  6551 | D:5      | Reached skill level 5 in Armour
  6551 | D:5      | Reached XP level 9. HP: 40/61 MP: 9/9
  7081 | D:6      | Found a shadowy altar of Dithmenos.
  7082 | D:6      | Found a hazy altar of Hepliaklqana.
  7571 | D:7      | Found a bloodstained altar of Trog.
  7572 | D:7      | Found a blossoming altar of Fedhas.
  7573 | D:7      | Found a sparkling altar of Nemelex Xobeh.
  7623 | D:7      | Found a snail-covered altar of Cheibriados.
  7654 | D:8      | Reached skill level 10 in Maces & Flails
  7916 | D:8      | Noticed Maggie
  7924 | D:8      | Killed Maggie
  7925 | D:8      | Reached skill level 5 in Unarmed Combat
  9093 | D:7      | Gained mutation: Your touch may inflict irresistible damage
                  | on your foes. [demonic ancestry]
  9093 | D:7      | Reached XP level 10. HP: 53/67 MP: 10/10
  9344 | D:7      | Paralysed by a hornet for 1 turns
  9724 | D:8      | Found a sacrificial altar of Ru.
  9759 | D:8      | Paralysed by a hornet for 3 turns
  9767 | D:8      | Paralysed by a hornet for 2 turns
  9767 | D:8      | HP: 1/67 [hornet (6)]
  9768 | D:8      | Succumbed to a hornet's poison

Illustrated notes

Levels and vault maps discovered:
D:1:      lightli_arrival_windingriver, layout_loops_ring
D:2:      layout_rooms, shapermc_ecumenical_altar_flowoftime, basic_altar,
          grunt_ministairs_12, chequers_mini_garden, guppyfry_early_orc_mine
D:3:      layout_loops_corners
D:4:      layout_loops_cross, mainiacjoe_overflow_cross_hatched,
          mainiacjoe_overflow_surrounded_room, enter_ossuary_1,
          dk_noncrumbling_4, supply_closet_lemuel, nrook_mini_vaults, uniq_ijyb
D:5:      layout_rooms, nzn_wu_jian_contemplation, temple_doors_cd,
          bh_walls_and_bars, uniq_prince_ribbit1
D:6:      layout_basic, riverfiend_overflow_shadow_ancestor, uniq_pikel,
          uniq_eustachio
D:7:      layout_basic, lemuel_tele_altar, gammafunk_temple_overflow_forgotten,
          st_stairs_13
D:8:      minmay_octagon_keep, layout_basic, lemuel_doored_altar, hex_large,
          uniq_maggie
D:9:      layout_layer_cave, nicolae_vehumet_radiance,
          hellmonk_ghost_happy_afterlife, minmay_fire_ice_demons
Temple:   minmay_temple_curvy_loop

Skill      XL: |  1  2  3  4  5  6  7  8  9 |
---------------+----------------------------+-----
Maces & Flails | 3 4 5 6 7 9 10 | 10.7
Dodging        | 3 |  3.2
Armour         | 1 2 3 5 |  5.8
Unarmed Combat | 2 3 5 |  5.5
Fighting       | |  2.0
Throwing       | |  1.7

Action                   |  1- 3 |  4- 6 |  7- 9 | 10-12 || total
-------------------------+-------+-------+-------+-------++-------
Melee: Flail             |   106 |   128 |   228 |    12 ||   474
       Punch             |     2 |     2 |     9 |     1 ||    14
       Touch             |       |    31 |    50 |     4 ||    85
  Use: Scroll            |     3 |     4 |     2 |     2 ||    11
       Potion            |       |       |     1 |       ||     1
 Stab: Distracted        |       |       |     1 |       ||     1
Armor: Chain mail        |    59 |    53 |   103 |     4 ||   219
       Leather armour    |     1 |       |       |       ||     1
Dodge: Dodged            |    50 |    46 |   102 |     6 ||   204
